[ AOE2 MATCH · #505160179 ]
UnrankedFranks vs Sicilians
Player's team · WIN
Rival team · LOSS
[ REPLAY ANALYSIS · EXTRACTED FROM THE RECORDED GAME ]
Feudal
10:00
Castle
22:01
Imperial
41:52
| APM avg | 40.5 |
| APM peak | 75 |
| eAPM avg | 17.5 |
| Villagers / military | 131 / 106 |
Focus
⚔️ 23.5% · 🌾 76.5%
Throwing Axeman ×78 · Knight ×20 · Militia ×5 · Monk ×2 · Trebuchet (Packed) ×1
Feudal
8:51
Castle
21:58
Imperial
—
| APM avg | 82.3 |
| APM peak | 158 |
| eAPM avg | 54.3 |
| Villagers / military | 173 / 118 |
Focus
⚔️ 75.9% · 🌾 24.1%
Serjeant ×56 · Spearman ×33 · Archer ×13 · Militia ×7 · Monk ×5 · Mangonel ×3
Match map
Initial resources + every placement click. Lines = walls · curves = elevation contours. ◆ gold · ⬟ stone · ● berries · ✦ relic · ◌ wall gap
Your base· ✓ Closed at 22:01 · 23t walls · 1 gate(s)
TeKarino's base· Open — opponent sealed themselves in
Smoothed initial terrain · ◌ = detected wall gap · hover for details
Inputs per minute
— theanswer5 - - TeKarino
Build order — theanswer5
First 150 of 343 actions detected
| 0:05 | Queue | Villager (Male) |
| 0:05 | Queue | Villager (Male) |
| 0:05 | Queue | Villager (Male) |
| 0:05 | Queue | Villager (Male) |
| 0:07 | Build | House |
| 0:08 | Build | House |
| 1:32 | Queue | Villager (Male) |
| 1:51 | Build | Lumber Camp |
| 1:58 | Queue | Villager (Male) |
| 2:30 | Queue | Villager (Male) |
| 2:58 | Queue | Villager (Male) |
| 3:10 | Queue | Villager (Male) |
| 3:28 | Build | House |
| 3:39 | Queue | Villager (Male) |
| 3:40 | Queue | Villager (Male) |
| 4:05 | Build | Mining Camp |
| 4:10 | Queue | Villager (Male) |
| 4:26 | Queue | Villager (Male) |
| 5:06 | Queue | Villager (Male) |
| 5:06 | Queue | Villager (Male) |
| 5:10 | Build | House |
| 5:13 | Build | Palisade Wall |
| 5:16 | Build | Palisade Wall |
| 5:32 | Queue | Villager (Male) |
| 5:58 | Queue | Villager (Male) |
| 5:58 | Queue | Villager (Male) |
| 6:24 | Queue | Villager (Male) |
| 6:35 | Build | Barracks |
| 6:56 | Research | Loom |
| 7:18 | Build | House |
| 7:50 | Research | Feudal Age |
| 7:50 | Research | Feudal Age |
| 8:07 | Build | Mill |
| 8:13 | Queue | Militia |
| 8:21 | Queue | Militia |
| 8:45 | Queue | Militia |
| 9:10 | Build | Palisade Wall |
| 9:13 | Queue | Militia |
| 9:21 | Queue | Villager (Male) |
| 9:36 | Queue | Militia |
| 9:45 | Build | House |
| 10:00 | Age | Feudal Age |
| 10:03 | Research | Man-at-Arms (upgrade) |
| 10:05 | Queue | Villager (Male) |
| 10:16 | Build | Palisade Wall |
| 10:20 | Build | Palisade Gate |
| 10:31 | Build | Farm |
| 10:44 | Queue | Villager (Male) |
| 11:06 | Queue | Villager (Male) |
| 11:16 | Build | Farm |
| 11:24 | Build | House |
| 11:30 | Queue | Villager (Male) |
| 11:34 | Research | Double-Bit Axe |
| 11:34 | Research | Double-Bit Axe |
| 11:51 | Queue | Villager (Male) |
| 12:34 | Build | Farm |
| 12:35 | Build | Farm |
| 12:47 | Queue | Villager (Male) |
| 12:48 | Queue | Villager (Male) |
| 13:27 | Queue | Villager (Male) |
| 13:31 | Build | Palisade Wall |
| 13:33 | Build | Farm |
| 13:41 | Build | Stable |
| 13:45 | Queue | Villager (Male) |
| 14:19 | Build | Blacksmith |
| 14:39 | Queue | Villager (Male) |
| 14:40 | Queue | Villager (Male) |
| 14:49 | Build | Watch Tower |
| 15:14 | Queue | Villager (Male) |
| 15:21 | Build | Farm |
| 15:24 | Build | Farm |
| 15:26 | Build | Farm |
| 15:37 | Queue | Villager (Male) |
| 15:39 | Build | Farm |
| 16:15 | Queue | Villager (Male) |
| 16:24 | Build | Market |
| 16:33 | Research | Fletching |
| 16:34 | Queue | Villager (Male) |
| 17:30 | Build | Watch Tower |
| 17:40 | Queue | Villager (Male) |
| 17:40 | Queue | Villager (Male) |
| 18:19 | Build | Farm |
| 18:22 | Queue | Villager (Male) |
| 18:42 | Build | Farm |
| 18:44 | Build | Farm |
| 19:00 | Build | House |
| 19:21 | Research | Castle Age |
| 19:33 | Build | House |
| 19:38 | Build | House |
| 19:45 | Build | House |
| 19:48 | Build | House |
| 19:54 | Build | Mining Camp |
| 20:15 | Build | Stone Wall |
| 20:22 | Research | Gold Mining |
| 20:24 | Research | Scale Barding Armor |
| 20:49 | Build | Lumber Camp |
| 20:56 | Research | Stone Mining |
| 21:00 | Build | House |
| 21:07 | Queue | Villager (Male) |
| 21:09 | Build | Farm |
| 21:28 | Research | Forging |
| 21:37 | Build | House |
| 22:01 | Age | Castle Age |
| 22:04 | Queue | Knight |
| 22:04 | Queue | Knight |
| 22:05 | Queue | Knight |
| 22:19 | Build | Farm |
| 22:34 | Queue | Villager (Male) |
| 22:34 | Queue | Villager (Male) |
| 23:03 | Build | Town Center |
| 23:11 | Queue | Villager (Male) |
| 23:15 | Build | Farm |
| 23:35 | Queue | Knight |
| 23:35 | Queue | Knight |
| 23:56 | Queue | Villager (Male) |
| 23:56 | Queue | Villager (Male) |
| 23:59 | Build | House |
| 23:59 | Build | House |
| 24:31 | Queue | Knight |
| 24:31 | Queue | Knight |
| 24:31 | Queue | Knight |
| 25:04 | Queue | Villager (Male) |
| 25:04 | Queue | Villager (Male) |
| 25:11 | Build | Watch Tower |
| 25:36 | Queue | Villager (Male) |
| 25:55 | Build | Lumber Camp |
| 26:07 | Research | Wheelbarrow |
| 26:16 | Queue | Villager (Male) |
| 26:16 | Queue | Villager (Male) |
| 26:28 | Queue | Villager (Male) |
| 26:28 | Queue | Villager (Male) |
| 26:32 | Build | Farm |
| 26:32 | Build | Farm |
| 26:58 | Queue | Villager (Male) |
| 27:01 | Build | Farm |
| 27:02 | Build | Farm |
| 27:03 | Build | Farm |
| 27:05 | Build | Farm |
| 27:06 | Build | Farm |
| 27:26 | Build | Monastery |
| 27:27 | Queue | Villager (Male) |
| 27:27 | Queue | Villager (Male) |
| 27:34 | Queue | Villager (Male) |
| 27:35 | Queue | Villager (Male) |
| 27:43 | Queue | Knight |
| 27:43 | Queue | Knight |
| 27:48 | Research | Bow Saw |
| 28:05 | Queue | Monk |
| 28:14 | Queue | Villager (Male) |
| 28:14 | Queue | Villager (Male) |
Build order — TeKarino
First 150 of 494 actions detected
| 0:00 | Queue | Villager (Male) |
| 0:02 | Build | House |
| 0:04 | Build | House |
| 0:09 | Queue | Villager (Male) |
| 0:20 | Queue | Villager (Male) |
| 0:25 | Queue | Villager (Male) |
| 1:29 | Queue | Villager (Male) |
| 1:46 | Build | Lumber Camp |
| 1:51 | Queue | Villager (Male) |
| 1:51 | Queue | Villager (Male) |
| 2:25 | Queue | Villager (Male) |
| 2:51 | Queue | Villager (Male) |
| 3:00 | Queue | Villager (Male) |
| 3:00 | Queue | Villager (Male) |
| 3:26 | Build | House |
| 3:30 | Queue | Villager (Male) |
| 3:30 | Queue | Villager (Male) |
| 3:58 | Queue | Villager (Male) |
| 4:08 | Queue | Villager (Male) |
| 4:25 | Build | Mining Camp |
| 4:53 | Queue | Villager (Male) |
| 5:05 | Build | Palisade Wall |
| 5:06 | Build | Palisade Wall |
| 5:09 | Build | Palisade Wall |
| 5:14 | Build | Palisade Wall |
| 5:22 | Queue | Villager (Male) |
| 5:29 | Queue | Villager (Male) |
| 5:31 | Queue | Villager (Male) |
| 5:59 | Research | Loom |
| 6:10 | Queue | Villager (Male) |
| 6:41 | Research | Feudal Age |
| 6:50 | Build | Barracks |
| 7:05 | Build | House |
| 7:19 | Queue | Villager (Male) |
| 7:20 | Build | House |
| 7:32 | Queue | Militia |
| 7:32 | Queue | Militia |
| 7:32 | Queue | Militia |
| 7:39 | Queue | Militia |
| 7:40 | Queue | Militia |
| 8:24 | Queue | Militia |
| 8:24 | Queue | Militia |
| 8:51 | Age | Feudal Age |
| 8:56 | Queue | Villager (Male) |
| 9:05 | Queue | Villager (Male) |
| 9:29 | Queue | Villager (Male) |
| 9:34 | Research | Man-at-Arms (upgrade) |
| 9:34 | Research | Man-at-Arms (upgrade) |
| 9:34 | Research | Man-at-Arms (upgrade) |
| 9:38 | Queue | Villager (Male) |
| 9:40 | Research | Double-Bit Axe |
| 9:40 | Research | Double-Bit Axe |
| 9:40 | Research | Double-Bit Axe |
| 9:46 | Build | House |
| 9:47 | Build | House |
| 9:48 | Queue | Villager (Male) |
| 10:03 | Queue | Villager (Male) |
| 10:16 | Queue | Villager (Male) |
| 10:30 | Queue | Villager (Male) |
| 10:34 | Build | Mill |
| 10:52 | Queue | Villager (Male) |
| 10:55 | Queue | Villager (Male) |
| 11:02 | Queue | Villager (Male) |
| 11:12 | Build | Donjon |
| 11:13 | Queue | Villager (Male) |
| 11:23 | Build | Archery Range |
| 11:24 | Queue | Villager (Male) |
| 11:34 | Queue | Villager (Male) |
| 11:54 | Queue | Villager (Male) |
| 12:13 | Queue | Villager (Male) |
| 12:46 | Queue | Villager (Male) |
| 12:57 | Queue | Serjeant |
| 12:57 | Queue | Serjeant |
| 13:10 | Build | Farm |
| 13:10 | Build | Farm |
| 13:11 | Build | Farm |
| 13:11 | Build | Farm |
| 13:11 | Build | Farm |
| 13:11 | Build | Farm |
| 13:11 | Build | Farm |
| 13:12 | Build | Farm |
| 13:12 | Build | Farm |
| 13:36 | Queue | Archer |
| 13:37 | Queue | Archer |
| 13:44 | Queue | Archer |
| 13:58 | Queue | Serjeant |
| 13:58 | Queue | Serjeant |
| 14:01 | Build | Farm |
| 14:16 | Queue | Serjeant |
| 14:16 | Queue | Serjeant |
| 14:24 | Build | Farm |
| 14:36 | Queue | Archer |
| 14:40 | Queue | Serjeant |
| 14:47 | Queue | Serjeant |
| 14:55 | Build | Farm |
| 15:14 | Queue | Villager (Male) |
| 15:18 | Queue | Serjeant |
| 15:27 | Build | House |
| 15:28 | Build | House |
| 15:37 | Queue | Villager (Male) |
| 15:38 | Queue | Villager (Male) |
| 16:00 | Queue | Archer |
| 16:01 | Queue | Serjeant |
| 16:08 | Research | Arson |
| 16:08 | Research | Arson |
| 16:14 | Queue | Villager (Male) |
| 16:14 | Queue | Villager (Male) |
| 16:16 | Build | Farm |
| 16:17 | Queue | Villager (Male) |
| 16:19 | Build | House |
| 16:36 | Queue | Archer |
| 16:38 | Queue | Archer |
| 16:39 | Queue | Serjeant |
| 16:44 | Build | Farm |
| 16:58 | Queue | Serjeant |
| 17:02 | Build | House |
| 17:04 | Queue | Villager (Male) |
| 17:05 | Queue | Villager (Male) |
| 17:11 | Queue | Archer |
| 17:19 | Queue | Villager (Male) |
| 17:32 | Queue | Serjeant |
| 17:49 | Queue | Villager (Male) |
| 17:52 | Queue | Villager (Male) |
| 17:54 | Build | Blacksmith |
| 18:01 | Build | Market |
| 18:02 | Queue | Villager (Male) |
| 18:22 | Queue | Villager (Male) |
| 18:32 | Queue | Villager (Male) |
| 18:35 | Build | Blacksmith |
| 18:43 | Build | Farm |
| 19:18 | Research | Castle Age |
| 19:18 | Research | Castle Age |
| 19:42 | Research | Fletching |
| 19:43 | Research | Fletching |
| 19:43 | Research | Fletching |
| 19:54 | Queue | Serjeant |
| 20:17 | Queue | Serjeant |
| 20:19 | Queue | Archer |
| 20:20 | Queue | Serjeant |
| 20:34 | Queue | Serjeant |
| 20:44 | Research | Scale Mail Armor |
| 20:44 | Research | Scale Mail Armor |
| 20:49 | Queue | Villager (Male) |
| 20:49 | Queue | Villager (Male) |
| 20:52 | Build | Farm |
| 20:56 | Build | Farm |
| 21:00 | Build | Mill |
| 21:05 | Queue | Archer |
| 21:15 | Research | Forging |
| 21:17 | Queue | Archer |
Match timeline
| 5:05 | TeKarino · wall_segment Palisade Wall x1 |
| 5:06 | TeKarino · wall_segment Palisade Wall x1 |
| 5:09 | TeKarino · wall_segment Palisade Wall x1 |
| 5:13 | theanswer5 · wall_segment Palisade Wall x1 |
| 5:14 | TeKarino · wall_segment Palisade Wall x1 |
| 5:16 | theanswer5 · wall_segment Palisade Wall x1 |
| 6:35 | theanswer5 · first_building Barracks |
| 6:50 | TeKarino · first_building Barracks |
| 8:51 | TeKarino · age_up feudal |
| 9:10 | theanswer5 · wall_segment Palisade Wall x7 |
| 10:00 | theanswer5 · age_up feudal |
| 10:16 | theanswer5 · wall_segment Palisade Wall x7 |
| 11:12 | TeKarino · first_building Donjon |
| 11:23 | TeKarino · first_building Archery Range |
| 13:31 | theanswer5 · wall_segment Palisade Wall x1 |
| 13:41 | theanswer5 · first_building Stable |
| 17:23 | theanswer5 · first_market_buy 100 stone |
| 19:03 | TeKarino · first_market_buy 100 food |
| 19:14 | TeKarino · first_market_sell 100 wood |
| 20:15 | theanswer5 · wall_segment Stone Wall x6 |
| 21:58 | TeKarino · age_up castle |
| 22:01 | theanswer5 · age_up castle |
| 24:22 | TeKarino · wall_segment Stone Wall x1 |
| 27:26 | theanswer5 · first_building Monastery |
| 29:01 | TeKarino · first_building Siege Workshop |
| 29:46 | theanswer5 · first_building Castle |
| 31:44 | TeKarino · wall_segment Stone Wall x1 |
| 31:47 | TeKarino · wall_segment Stone Wall x1 |
| 31:49 | TeKarino · wall_segment Stone Wall x1 |
| 31:54 | TeKarino · wall_segment Stone Wall x1 |
| 32:25 | TeKarino · first_building Monastery |
| 41:52 | theanswer5 · age_up imperial |
| 47:46 | TeKarino · resign |
[ AI ANALYSIS · 1 CREDIT ]
What really happened in this match?
Wolo.gg analyzes every decision: build order, eco, micro, common mistakes by bracket. Personalized analysis on WhatsApp or Discord in 30 seconds.
Civ guide
Franks
Perfil
theanswer5